 Dungeon Crawl Stone Soup version 0.21-a0-369-g397cdb2 (webtiles) character file.

67312 theanonym the Spry (level 14, -8/76 (77) HPs)
             Began as a Spriggan Assassin on Oct 15, 2017.
             Was the Champion of Dithmenos.
             Mangled by Donald
             ... wielding a +3 demon trident of draining
              (12 damage)
             ... on level 1 of the Orcish Mines.
             The game lasted 04:01:14 (44953 turns).

theanonym the Spry (Spriggan Assassin)             Turns: 44953, Time: 04:01:15

HP:   -8/76 (77)    AC: 10    Str: 12    XL:     14   Next: 82%
MP:   21/29         EV: 43    Int: 13    God:    Dithmenos [******]
Gold: 962           SH:  0    Dex: 33    Spells: 19/33 levels left

rFire    . . .     SeeInvis +   a - +2 dagger (venom)
rCold    . . .     Gourm    .   (shield restricted)
rNeg     . . .     Faith    .   R - +4 troll leather armour
rPois    .         Spirit   .   (helmet restricted)
rElec    .         Reflect  .   f - +1 cloak
rCorr    .         Harm     .   (gloves unavailable)
MR       +++..     NoTele   +   (boots unavailable)
Stlth    ++++++++++             (no amulet)
HPRegen  0.62/turn              w - ring "Soicumid" {-Tele EV+3 Dex+6}
MPRegen  0.21/turn              m - ring of protection from magic

@: mighty, agile, wreathed by umbra, heavily drained, very quick
A: unfitting armour, see invisible, herbivore 3, speed 3, slow metabolism 2
a: Shadow Step, Shadow Form, Renounce Religion


You were on level 1 of the Orcish Mines.
You worshipped Dithmenos.
Dithmenos was exalted by your worship.
You were not hungry.

You visited 4 branches of the dungeon, and saw 23 of its levels.
You visited 2 bazaars.
You also visited: Labyrinth, Bailey and Ice Cave.

You collected 2044 gold pieces.
You spent 1082 gold pieces at shops.

Inventory:

Hand Weapons
 a - a +2 dagger of venom (weapon)
   (You took it off an orc wizard on level 12 of the Dungeon)
 b - a +0 rapier
   (You found it on level 2 of the Lair of Beasts)
Missiles
 k - 69 tomahawks of returning
 F - 5 tomahawks
 Q - a throwing net (quivered)
Armour
 e - a +2 robe of cold resistance
   (You found it on level 8 of the Dungeon)
 f - a +1 cloak (worn)
   (You found it on level 4 of the Lair of Beasts)
 G - a +1 robe of magic resistance
   (You took it off Josephine on level 13 of the Dungeon)
 R - a +4 troll leather armour (worn)
   (You found it on level 12 of the Dungeon)
Jewellery
 l - a cursed ring of teleportation
   (You found it on level 2 of the Dungeon)
 m - a ring of protection from magic (right hand)
   (You found it on level 9 of the Dungeon)
 o - a +2 ring of dexterity
   (You found it on level 1 of the Dungeon)
 w - the ring "Soicumid" (left hand) {-Tele EV+3 Dex+6}
   (You took it off a minotaur in a labyrinth)

   [ring of evasion]

   It affects your evasion (+3).
   It affects your dexterity (+6).
   It prevents most forms of teleportation.
 C - an uncursed ring of stealth
   (You found it on level 14 of the Dungeon)
 J - an uncursed ring of poison resistance
   (You bought it in a shop in a bazaar)
 S - an uncursed ring of positive energy
   (You took it off a spriggan on level 6 of the Lair of Beasts)
 U - a +2 ring of evasion
   (You found it on level 5 of the Lair of Beasts)
Wands
 B - a wand of iceblast (11/15)
   (You found it on level 13 of the Dungeon)
 L - a wand of acid (6/15)
   (You found it on level 3 of the Lair of Beasts)
 W - a wand of paralysis (15/24)
   (You found it on level 6 of the Lair of Beasts)
 Z - a wand of polymorph (4/24)
   (You took it off a centaur on level 9 of the Dungeon)
Scrolls
 p - 4 scrolls of enchant armour
 q - 8 scrolls of remove curse
 r - 3 scrolls of identify
 s - a scroll of enchant weapon
 v - 6 scrolls of fog {!r}
 x - 2 scrolls of summoning
 y - 2 scrolls of blinking
 z - 7 scrolls of teleportation
 E - 4 scrolls of recharging
 X - a scroll of fear {!r}
Potions
 c - 2 potions of heal wounds
 d - 3 potions of agility
 h - 6 potions of curing
 j - 5 potions of haste
 n - 8 potions of flight
 u - 5 potions of mutation {!q}
 A - a potion of experience {unknown}
 D - a potion of invisibility
 H - 3 potions of might
 K - a potion of berserk rage {unknown}
 N - a potion of resistance {unknown}
 T - a potion of cancellation
 Y - 2 potions of lignification
Books
 P - a book of Misfortune
   (You found it in a labyrinth)

   Spells                             Type                      Level
   a - Confusing Touch                Hexes                        1
   b - Confuse                        Hexes                        3
   c - Gell's Gravitas                Translocation                3
   d - Petrify                        Transmutation/Earth          4
   e - Metabolic Englaciation         Hexes/Ice                    5
   f - Yara's Violent Unravelling     Hexes/Transmutation          5
Miscellaneous
 I - a box of beasts
Comestibles
 g - 52 fruits
 i - 2 bread rations
 t - 18 royal jellies


   Skills:
 + Level 10.9(9.3) Fighting
 - Level 14.0(12.3) Short Blades
 - Level 2.0(0.7) Throwing
 + Level 2.2(1.0) Armour
 - Level 16.0(14.2) Dodging
 - Level 15.4(13.7) Stealth
 + Level 10.4(8.8) Spellcasting
 + Level 9.6(8.1) Hexes


You had 19 spell levels left.
You knew the following spells:

 Your Spells              Type           Power        Failure   Level  Hunger
a - Corona                Hex            ####...      1%          1    None
b - Blink                 Tloc           N/A          24%         2    None
c - Confuse               Hex            ####....     1%          3    ##.....
d - Passwall              Tmut/Erth      #.........   24%         2    None
f - Cause Fear            Hex            ####......   5%          4    ####...
s - Slow                  Hex            ####....     1%          2    None


Dungeon Overview and Level Annotations

Branches:
Dungeon (14/15)            Temple (1/1) D:4            Lair (6/6) D:9
 Shoals (0/4) Lair:3       Spider (0/4) Lair:4        Slime (0/5) Lair:5
    Orc (2/2) D:12         Vaults (0/5) D:14
    Elf: Orc:2

Altars:
Ashenzari
Cheibriados
Dithmenos
Elyvilon
Fedhas
Gozag
Hepliaklqana
Kikubaaqudgha
Makhleb
Nemelex Xobeh
Okawaru
Qazlal
Ru
Sif Muna
Trog
Uskayaw
Vehumet
Wu Jian
Xom
Yredelemnul
Zin
The Shining One

Shops:
D:10 *   Orc:1 (

Annotations:
Lair:1 exclusion: black mamba
Lair:3 exclusions: door and electric eel
Orc:1 Donald, Urug
Orc:2 exclusion: upstairs


Innate Abilities, Weirdness & Mutations

You are very small and have problems with some larger weapons.
You are too small for most types of armour.
You have supernaturally acute eyesight. (SInv)
You are a herbivore.
You cover ground extremely quickly.
You need consume almost no food.


Message History

Donald seems to speed up.
The orc sorcerer casts a spell.
The orc completely misses you.
The orc high priest starts to sing a prayer.
Donald says, "I'll never be able to carry all this gold!
I hate that."
Donald completely misses you.
You hear a shout!
There is a stone staircase leading up here.
You hear a shout! x4
Donald hits you with a demon trident of draining!
You feel drained.
The orc priest calls down the wrath of Beogh upon you.
Beogh smites you! The orc completely misses you.
The orc wizard casts a spell at you. The magic dart hits you!
The orc high priest completely misses you.
You climb upwards.
Level annotation: Urug
There is a stone staircase leading down, spattered with blood here.
Things that are here:
a chain mail; a mace; an orc corpse You take 19 damage, and have 57/76 hp.
MASSIVE DAMAGE!!
Aim: an orc high priest, wielding a hand axe and wearing a ring mail (umbra, chance to defeat MR: 25%)
The orc high priest resists with almost no effort.
Donald gestures wildly while chanting.
Donald seems to grow stronger.
The orc completely misses you.
The orc high priest prays.
The orc high priest mumbles some strange prayers to Beogh.
You now have 26/29 mp.
Aim: an orc high priest, wielding a hand axe and wearing a ring mail (umbra, chance to defeat MR: 25%)
The orc high priest resists with almost no effort.
Your shadow mimicks your spell!
The orc high priest resists with almost no effort.
Donald barely misses you. Donald closely misses you.
The orc completely misses you. The orc high priest barely misses you.
The chaos spawn completely misses you.
You now have 23/29 mp.
Aim: an orc high priest, wielding a hand axe and wearing a ring mail (umbra, chance to defeat MR: 25%)
The orc high priest appears confused.
Donald completely misses you. The orc completely misses you.
The chaos spawn completely misses you.
You now have 20/29 mp.
You hit the orc high priest but do no damage.
Donald says, "Are you still afraid of the dark?"
Donald closely misses you. The chaos spawn misses you.
You hit the orc high priest but do no damage.
Your shadow hits the orc high priest with a dagger.
Donald says, "I hate shadows."
Donald misses you. The chaos spawn completely misses you.
The orc completely misses you.
You catch the helpless orc high priest completely off-guard!
You skewer the orc high priest like a kebab!!!
You kill the orc high priest!
Dithmenos accepts your kill.
The chaos spawn degenerates into a cloud of primal chaos! x2
You feel agile all of a sudden.
Donald sighs.
Donald hits you with a demon trident of draining!!
* * * LOW HITPOINT WARNING * * *
You emit a cloud of dark smoke.
You feel drained.
* * * LOW HITPOINT WARNING * * *
The orc completely misses you.
Donald says, "You're really ugly.
Did you know that?" Donald completely misses you.
You take 27 damage, and have 33/76 hp.
MASSIVE DAMAGE!!
Okay, then.
Unknown command.
Unknown command.
Unknown command.
Here: Donald, wielding a demon trident of draining, wearing a chain mail and wearing a glowing shield (black smoke, fast, unusually strong, umbra)
A robe.
There is something else lying underneath.
The floor, spattered with blood.
Unknown command.
Unknown command.
You hit the orc.
Your shadow hits the orc but does no damage.
You hit the orc but do no damage.
The orc is poisoned.
Your shadow hits the orc with a dagger.
Donald says, "Why do the shops only ever sell food?
I could get that at home."
Donald completely misses you. The orc completely misses you.
You hit the orc.
You kill the orc!
Dithmenos accepts your kill. Donald misses you.
Unknown command.
Okay, then.
Unknown command.
Aim: Donald, wielding a demon trident of draining, wearing a chain mail and wearing a glowing shield (black smoke, fast, unusually strong, umbra, chance to defeat MR: 9%)
Okay, then.
Unknown command.
Donald blocks your attack.
You feel very mighty all of a sudden.
Donald hits you with a demon trident of draining!!
* * * LOW HITPOINT WARNING * * *
You emit a cloud of dark smoke.
You feel drained.
You die...

### ##.##
##...####
#§§§§.#.##
##§§§§#...#
#§§@@§....##
##§§§§.....#
####§..#.##
#######


You could see Donald.

Vanquished Creatures
  An orc warlord (Orc:1)
  Snorg (D:12)
  Josephine (D:13)
  A minotaur (Lab)
  A rakshasa (D:13)
  2 hydras
  An ice dragon (D:12)
  2 centaur warriors
  10 two-headed ogres
  Erica (D:12)
  A two-headed ogre (shapeshifter) (D:14)
  3 orc high priests (Orc:1)
  A skeletal warrior (D:13)
  An unseen horror (D:11)
  3 deep elf magi
  Pikel (D:4)
  4 ugly things
  4 cyclopes
  2 manticores (D:14)
  3 black mambas
  14 elephants
  Maurice (D:13)
  7 spiny frogs
  Psyche (D:8)
  An ice statue (IceCv)
  2 rime drakes
  2 kobold demonologists
  5 komodo dragons
  An efreet (D:14)
  7 jumping spiders
  A polar bear (D:12)
  A queen bee (D:14)
  2 trolls
  3 meliai (D:14)
  A minotaur skeleton (Lab)
  11 blink frogs
  7 hippogriffs
  2 dream sheep (D:9)
  2 redbacks
  A spriggan (Lair:6)
  A shadow (D:13)
  A vampire (D:12)
  5 wraiths
  7 wyverns
  25 yaks
  3 basilisks
  4 hungry ghosts
  Grum (D:8)
  A steam dragon (D:12)
  Menkaure (D:7)
  Edmund (D:4)
  3 wargs
  3 soldier ants
  4 porcupines
  15 water moccasins
  3 phantoms
  4 sky beasts
  2 slaves (D:4)
  18 orc warriors
  4 black bears
  9 ice beasts
  31 wolves
  7 ogres
  9 necrophages
  7 crocodiles
  10 centaurs
  7 big kobolds
  16 bullfrogs
  Blork the orc (D:6)
  A gnoll sergeant (D:5)
  A water moccasin skeleton (D:2)
  4 scorpions
  A wyvern skeleton (D:6)
  4 jellies
  35 killer bees
  A spriggan skeleton (Lab)
  8 wights
  5 howler monkeys
  10 crimson imps
  4 bullfrog zombies
  A quasit (D:6)
  4 centaur zombies
  2 hounds
  A bullfrog skeleton (D:12)
  7 orc priests
  20 orc wizards
  4 centaur skeletons
  3 iguanas
  11 worker ants
  2 hound zombies
  A hound skeleton (D:4)
  2 howler monkey zombies (D:6)
  6 adders
  22 gnolls
  2 shadow imps
  8 oozes
  An adder zombie (D:6)
  4 worms
  4 dart slugs
  7 leopard geckos
  36 orcs
  9 bats
  9 giant cockroaches
  7 goblins
  17 hobgoblins
  15 jackals
  32 kobolds
  5 quokkas
  2 ball pythons
  2 frilled lizards
  A leopard gecko skeleton (D:4)
  2 rats
  A spectral orc (D:2)
643 creatures vanquished.

Vanquished Creatures (others)
  A slave (D:4)
  A bullfrog (Lair:5)
  2 orcs
  A bush (D:13)
  23 fungi
  19 plants
47 creatures vanquished.

Grand Total: 690 creatures vanquished

Notes
Turn   | Place    | Note
-------+----------+-------------------------------------------
     0 | D:1      | theanonym the Spriggan Assassin began the quest for the Orb.
     0 | D:1      | Reached XP level 1. HP: 10/10 MP: 2/2
    76 | D:1      | Reached skill level 2 in Dodging
    76 | D:1      | Reached skill level 6 in Stealth
   257 | D:1      | Reached XP level 2. HP: 6/14 MP: 3/3
   742 | D:1      | Reached XP level 3. HP: 18/18 MP: 4/4
   898 | D:2      | Reached skill level 3 in Dodging
   937 | D:2      | Reached skill level 3 in Short Blades
  1207 | D:2      | Found a basalt altar of Yredelemnul.
  1379 | D:2      | Reached XP level 4. HP: 13/23 MP: 5/5
  1569 | D:2      | Reached skill level 2 in Fighting
  1569 | D:2      | Reached skill level 7 in Stealth
  1907 | D:2      | Reached skill level 4 in Dodging
  1907 | D:2      | Reached XP level 5. HP: 18/26 MP: 6/6
  3492 | D:4      | Noticed an ogre
  3522 | D:3      | Killed an ogre
  3522 | D:3      | Reached skill level 4 in Short Blades
  3522 | D:3      | Reached XP level 6. HP: 32/32 MP: 7/7
  4035 | D:3      | Reached skill level 5 in Dodging
  4035 | D:3      | Reached skill level 8 in Stealth
  4430 | D:4      | Noticed Edmund
  4742 | D:4      | Found a staircase to the Ecumenical Temple.
  4748 | Temple   | Entered the Ecumenical Temple
  4961 | Temple   | Became a worshipper of Dithmenos the Shadowed
  5032 | D:4      | Noticed Pikel
  5032 | D:4      | Noticed a slave
  5032 | D:4      | Noticed a slave
  5032 | D:4      | Noticed a slave
  5365 | D:5      | Entered Level 5 of the Dungeon
  5368 | D:5      | Found a snail-covered altar of Cheibriados.
  5901 | D:4      | Found a hazy altar of Hepliaklqana.
  5938 | D:4      | Found a hide-covered altar of Uskayaw.
  5938 | D:4      | Found a stormy altar of Qazlal.
  6255 | D:5      | Reached skill level 3 in Fighting
  6255 | D:5      | Reached XP level 7. HP: 36/36 MP: 8/8
  6439 | D:5      | Found a snail-covered altar of Cheibriados.
  7349 | D:6      | Found a shattered altar of Ashenzari.
  7354 | D:6      | Reached skill level 5 in Short Blades
  7354 | D:6      | Reached skill level 6 in Dodging
  7506 | D:6      | Reached skill level 9 in Stealth
  8014 | D:6      | Reached * piety under Dithmenos
  8367 | D:6      | Noticed Blork the orc
  8501 | D:6      | Reached XP level 8. HP: 42/42 MP: 9/9
  8579 | D:6      | Reached skill level 7 in Dodging
  8820 | D:6      | Killed Blork the orc
  8820 | D:6      | Reached skill level 4 in Fighting
  9174 | D:7      | Reached skill level 6 in Short Blades
  9174 | D:7      | Reached skill level 10 in Stealth
  9175 | D:7      | Noticed a hornet
  9904 | D:7      | Reached skill level 8 in Dodging
  9996 | D:7      | Noticed Menkaure
 10596 | D:8      | Noticed Grum
 11038 | D:7      | Reached XP level 9. HP: 35/46 MP: 10/10
 11322 | D:7      | Reached skill level 11 in Stealth
 11518 | D:7      | Reached skill level 7 in Short Blades
 11651 | D:7      | Reached skill level 5 in Fighting
 11901 | D:7      | Reached skill level 9 in Dodging
 12445 | D:8      | Killed Grum
 12879 | D:8      | Reached ** piety under Dithmenos
 12975 | D:8      | Noticed Psyche
 13236 | D:8      | Noticed a two-headed ogre
 13242 | D:8      | Killed a two-headed ogre
 13242 | D:8      | Reached skill level 8 in Short Blades
 13242 | D:8      | Reached skill level 10 in Dodging
 13242 | D:8      | Reached skill level 12 in Stealth
 13453 | D:7      | Killed Menkaure
 13555 | D:7      | Found a sparkling altar of Nemelex Xobeh.
 13902 | D:8      | Killed Psyche
 13902 | D:8      | Reached skill level 6 in Fighting
 13902 | D:8      | Reached XP level 10. HP: 48/53 MP: 11/11
 13924 | D:8      | Noticed a two-headed ogre
 13956 | D:8      | Killed a two-headed ogre
 14526 | D:9      | Found a staircase to the Lair.
 14533 | Lair:1   | Entered Level 1 of the Lair of Beasts
 14569 | Lair:1   | Noticed a black mamba
 14617 | Lair:1   | Reached skill level 11 in Dodging
 14678 | Lair:1   | Reached skill level 13 in Stealth
 15008 | Lair:1   | Reached skill level 9 in Short Blades
 16430 | Lair:1   | Reached skill level 7 in Fighting
 17579 | Lair:2   | Reached skill level 12 in Dodging
 17900 | Lair:2   | Reached XP level 11. HP: 58/58 MP: 12/12
 17925 | Lair:2   | Noticed a four-headed hydra
 17932 | Lair:2   | Killed a four-headed hydra
 18862 | Lair:2   | Reached skill level 10 in Short Blades
 18862 | Lair:2   | Reached skill level 1 in Spellcasting
 19361 | Lair:2   | Reached skill level 2 in Spellcasting
 20090 | Lair:2   | Reached skill level 3 in Spellcasting
 20678 | Lair:2   | Learned a level 1 spell: Corona
 20808 | Lair:2   | Reached skill level 4 in Spellcasting
 20927 | Lair:2   | Reached skill level 1 in Hexes
 21126 | Lair:2   | Learned a level 2 spell: Slow
 21289 | Lair:3   | Reached skill level 13 in Dodging
 21289 | Lair:3   | Reached skill level 2 in Hexes
 21610 | Lair:2   | Reached *** piety under Dithmenos
 21610 | Lair:2   | Reached skill level 5 in Spellcasting
 21707 | Lair:3   | Reached skill level 8 in Fighting
 21707 | Lair:3   | Reached skill level 3 in Hexes
 21956 | Lair:3   | Found a staircase to the Shoals.
 22732 | Lair:4   | Reached skill level 4 in Hexes
 22810 | Lair:4   | Learned a level 4 spell: Cause Fear
 23180 | Lair:4   | Reached skill level 6 in Spellcasting
 23594 | Lair:4   | Reached skill level 14 in Stealth
 24022 | Lair:4   | Reached XP level 12. HP: 63/65 MP: 22/22
 25624 | Lair:4   | Reached skill level 5 in Hexes
 26508 | Lair:4   | Found a hole to the Spider Nest.
 26510 | Lair:4   | Reached skill level 14 in Dodging
 27355 | Lair:5   | Found a labyrinth entrance.
 27370 | Lab      | Entered a labyrinth
 27760 | Lab      | Noticed a minotaur
 27868 | Lab      | Killed a minotaur
 27868 | Lab      | Reached skill level 9 in Fighting
 27868 | Lab      | Reached skill level 7 in Spellcasting
 27870 | Lab      | Got a flickering turquoise ring
 27924 | Lab      | Identified Sif Muna's Tome of Stones
 27927 | Lab      | Identified the Guide on Snow and Battle Magic
 27946 | Lab      | Identified the ring "Soicumid" {-Tele EV+3 Dex+6} (You took it off a minotaur in a labyrinth)
 27950 | Lab      | theanonym: ??Stealth
 27950 | Lab      | beem: stealth[1/6]: Your character's ability to sneak around undetected. Base stealth is 3*dex + 15*SK_STEALTH, then modified as in {modified stealth}. See [3] for what the numbers mean.
 27950 | Lab      | beem: Unwon octopodes for p0werm0de: OpAM, OpAr, OpBe, OpCj, OpEE, OpEn, OpGl, OpIE, OpSk, OpSu, OpTm
 27950 | Lab      | theanonym: ??Stealth[2
 27950 | Lab      | beem: stealth[2/6]: @ values are: extremely un 0, very un < 50, un < 100, fairly < 150, (no modifier) stealthy < 200, quite < 250, very < 300, extremely < 350, extraordinarily < 400, incredibly < 500, uncannily otherwise. (Words removed in 0.19.)
 27950 | Lab      | theanonym: ??Stealth[3
 27950 | Lab      | beem: stealth[3/6]: Each time *you* take an action (no penalty for nagas), each monster in LOS has an (x) in (stealth) chance of noticing you, where x = 22 + HD ... +4 for smart, -4/-8/-12 for animal/insect/plant, +5 for sense invis, +50 for Glow, -10 if hibernating, +10 if "dormant" rather than sleeping, -75 if you are invisible to the monster. x cannot go below 1.
 27950 | Lab      | theanonym: ??stabbing
 27950 | Lab      | beem: stabbing[1/5]: A stab with a short blade does increased damage: (dam+bonus)*mult, where bonus depends on your dex as well as your stealth and weapon skills and is capped at 30, and mult depends on your stealth/weapon skills and the type of stab (sleep/paralysis is best). Non-short blades don't get a bonus and have lower mult. Daggers get bonus doubled (but still capped at 30).
 27950 | Lab      | theanonym: ??spen
 27950 | Lab      | beem: hyperbolic[1/4]: My 0.20 SpEn guide: SKILLS: Approximate goals are as follows: 1) 5 Short Blades, 8 Stealth. 2) 4 Spellcasting, 8 Hexes. 3) 3 Fighting, 8 Dodging. 4) 8 Short Blades, 12 Stealth. 5) 6 Fighting/Spellcasting, 10 Short Blades/Hexes, 15 Dodging/Stealth. 6) 10 Fighting, 27 Stealth, and whatever spell skills you want.
 27950 | Lab      | beem: 111. [tdam=56;mhp=53] p0werm0de the Martial Artist (L10 VSAK of Lugonu), mangled by a four-headed hydra on Lair:1 on 2017-10-14 12:48:38, with 5926 points after 3966 turns and 0:14:57.
 27950 | Lab      | theanonym: ??spas
 27950 | Lab      | beem: spas[1/1]: I don't have a page labeled spas in my learndb. Did you mean: spen.
 27950 | Lab      | theanonym: ??spen[2
 27950 | Lab      | beem: hyperbolic[2/4]: SPELLS: Use Ensorcelled Hibernation when possible. Use Confuse against rC+ monsters or if you want a higher success chance. Other starting spells are decent but unnecessary. Invisibility is the best spell in the game if you find it. Other good spells include Deflect Missiles, Dispel Undead, Apportation, Blink, Passage of Golubria, Controlled Blink.
 27950 | Lab      | theanonym: ??spen[3
 27950 | Lab      | beem: hyperbolic[3/4]: GODS: Ideally you want a god who helps with hard-to-stab monsters. Some good choices: Kiku (pain melee, zombies), Dith (shadow step, shadow form), Jiyva (slimify), Lugonu (corruption, disto melee), Makhleb (greater demons), Ashenzari/Vehumet (conjurations).
 27950 | Lab      | theanonym: ??spen[4
 27950 | Lab      | beem: hyperbolic[4/4]: WEAPONS: Use short blades, stab high-HP monsters with a dagger. For regular melee, early on look for elec, draining, or venom weapons. Later look for a quick blade and/or pain brand a weapon with Kiku. Distortion is nice also. If you can't find a quick blade and want better melee, demon whips are reasonable. Oh, and get a buckler. STATS: Raise Int or Dex.
 27958 | Lair:4   | theanonym: ??spen[2
 27958 | Lair:4   | beem: hyperbolic[2/4]: SPELLS: Use Ensorcelled Hibernation when possible. Use Confuse against rC+ monsters or if you want a higher success chance. Other starting spells are decent but unnecessary. Invisibility is the best spell in the game if you find it. Other good spells include Deflect Missiles, Dispel Undead, Apportation, Blink, Passage of Golubria, Controlled Blink.
 27958 | Lair:4   | theanonym: ??spen[3
 27958 | Lair:4   | beem: hyperbolic[3/4]: GODS: Ideally you want a god who helps with hard-to-stab monsters. Some good choices: Kiku (pain melee, zombies), Dith (shadow step, shadow form), Jiyva (slimify), Lugonu (corruption, disto melee), Makhleb (greater demons), Ashenzari/Vehumet (conjurations).
 27958 | Lair:4   | theanonym: ??spen[4
 27958 | Lair:4   | beem: hyperbolic[4/4]: WEAPONS: Use short blades, stab high-HP monsters with a dagger. For regular melee, early on look for elec, draining, or venom weapons. Later look for a quick blade and/or pain brand a weapon with Kiku. Distortion is nice also. If you can't find a quick blade and want better melee, demon whips are reasonable. Oh, and get a buckler. STATS: Raise Int or Dex.
 29094 | Lair:5   | Reached skill level 11 in Short Blades
 29263 | Lair:5   | Found a staircase to the Slime Pits.
 29852 | Lair:6   | Entered Level 6 of the Lair of Beasts
 30300 | Lair:5   | Reached skill level 12 in Short Blades
 30508 | Lair:6   | Learned a level 3 spell: Confuse
 30704 | Lair:5   | theanonym: ??spen[4
 30704 | Lair:5   | beem: hyperbolic[4/4]: WEAPONS: Use short blades, stab high-HP monsters with a dagger. For regular melee, early on look for elec, draining, or venom weapons. Later look for a quick blade and/or pain brand a weapon with Kiku. Distortion is nice also. If you can't find a quick blade and want better melee, demon whips are reasonable. Oh, and get a buckler. STATS: Raise Int or Dex.
 30704 | Lair:5   | theanonym: ??spen[3
 30704 | Lair:5   | beem: hyperbolic[3/4]: GODS: Ideally you want a god who helps with hard-to-stab monsters. Some good choices: Kiku (pain melee, zombies), Dith (shadow step, shadow form), Jiyva (slimify), Lugonu (corruption, disto melee), Makhleb (greater demons), Ashenzari/Vehumet (conjurations).
 30704 | Lair:5   | theanonym: ??spen[2
 30704 | Lair:5   | beem: hyperbolic[2/4]: SPELLS: Use Ensorcelled Hibernation when possible. Use Confuse against rC+ monsters or if you want a higher success chance. Other starting spells are decent but unnecessary. Invisibility is the best spell in the game if you find it. Other good spells include Deflect Missiles, Dispel Undead, Apportation, Blink, Passage of Golubria, Controlled Blink.
 30945 | Lair:5   | Reached XP level 13. HP: 64/70 MP: 17/24
 31962 | Lair:1   | Reached skill level 13 in Short Blades
 32163 | D:9      | Reached **** piety under Dithmenos
 34081 | D:4      | Killed Pikel
 34081 | D:4      | Reached skill level 14 in Short Blades
 34096 | D:4      | Killed Edmund
 34558 | D:5      | theanonym: ??spen[2
 34558 | D:5      | beem: hyperbolic[2/4]: SPELLS: Use Ensorcelled Hibernation when possible. Use Confuse against rC+ monsters or if you want a higher success chance. Other starting spells are decent but unnecessary. Invisibility is the best spell in the game if you find it. Other good spells include Deflect Missiles, Dispel Undead, Apportation, Blink, Passage of Golubria, Controlled Blink.
 34694 | D:10     | Entered Level 10 of the Dungeon
 35030 | D:10     | Reached skill level 6 in Hexes
 35507 | D:10     | Found a hazy altar of Hepliaklqana.
 35684 | D:10     | Found Waosotso's General Store.
 35689 | D:10     | Bought 2 potions of agility for 128 gold pieces
 35689 | D:10     | Bought a scroll of identify for 32 gold pieces
 35689 | D:10     | Bought a scroll of identify for 32 gold pieces
 35788 | D:11     | Reached ***** piety under Dithmenos
 35952 | D:11     | Learned a level 2 spell: Blink
 36103 | D:11     | Learned a level 2 spell: Passwall
 36437 | D:11     | Reached skill level 15 in Dodging
 36721 | D:12     | Found a frozen archway.
 36771 | D:12     | Reached skill level 15 in Stealth
 36783 | D:12     | Reached skill level 8 in Spellcasting
 37008 | IceCv    | Entered an ice cave
 37012 | IceCv    | Noticed Kite's ghost (journeyman MiBe)
 37017 | IceCv    | Reached skill level 7 in Hexes
 37206 | D:12     | Found a flickering gateway to a bazaar.
 37212 | Bazaar   | Entered a bazaar
 37260 | Bazaar   | Found Ymohat's Assorted Antiques.
 37263 | Bazaar   | Found Uwem's Magic Scroll Boutique.
 37264 | Bazaar   | Found Peghaylo's Weapon Boutique.
 37264 | Bazaar   | Found Ama Vyll's Gadget Boutique.
 37279 | Bazaar   | Bought a scroll of identify for 28 gold pieces
 37279 | Bazaar   | Bought a scroll of enchant weapon for 105 gold pieces
 37279 | Bazaar   | Bought a scroll of enchant armour for 105 gold pieces
 37281 | Bazaar   | Bought a scroll of identify for 28 gold pieces
 37362 | D:12     | Reached skill level 10 in Fighting
 37363 | D:12     | theanonym: ??spen[1
 37363 | D:12     | beem: hyperbolic[1/4]: My 0.20 SpEn guide: SKILLS: Approximate goals are as follows: 1) 5 Short Blades, 8 Stealth. 2) 4 Spellcasting, 8 Hexes. 3) 3 Fighting, 8 Dodging. 4) 8 Short Blades, 12 Stealth. 5) 6 Fighting/Spellcasting, 10 Short Blades/Hexes, 15 Dodging/Stealth. 6) 10 Fighting, 27 Stealth, and whatever spell skills you want.
 37556 | D:12     | theanonym: ??Dithmenos
 37556 | D:12     | beem: dithmenos[1/3]: God of shadows. Grants the player an {umbra} at * piety ala TSO's halo, {shadow step} at ** piety, {bleed smoke} at *** piety, a passive {shadow mimic}king your actions at **** piety, and {shadow form} at ***** piety.
 37556 | D:12     | theanonym: ??Dithmenos[2
 37556 | D:12     | beem: dithmenos[2/3]: Hates fire and fire-related stuff like enslaving fire giants.
 37556 | D:12     | theanonym: ??Dithmenos[3
 37556 | D:12     | beem: dithmenos[3/3]: i don't have a cat anymore or it might have a better name right now
 37556 | D:12     | theanonym: ??shadow form
 37556 | D:12     | theanonym: ??shadow form
 37556 | D:12     | beem: shadow form[1/4]: Dithmenos' 5* ability - for some skill drain, MP, and piety, you turn invisible for the duration (without glow), gain torment immunity, rRot, rN+++, immunity to poison and hostile enchantments, and 50% damage reduction, but you also deal only 50% attack damage and get two spell anti-enhancer levels.
 37556 | D:12     | theanonym: ??shadow form[2
 37556 | D:12     | beem: shadow form[2/4]: !lm basil orb dith 1 -tv:<2:>2
 37556 | D:12     | theanonym: ??shadow form[3
 37556 | D:12     | beem: shadow form[3/4]: No, you're not evil or undead in shadow form.
 37556 | D:12     | theanonym: ??shadow form[4
 37556 | D:12     | beem: shadow form[4/4]: Note: Immunity to hostile enchantments means immunity to some that normally bypass MR, like Malmutate.
 37638 | D:12     | Found an opulent altar of Gozag.
 37991 | D:12     | Reached XP level 14. HP: 77/77 MP: 18/27
 38169 | D:12     | Found a staircase to the Orcish Mines.
 38812 | D:13     | Noticed Josephine
 39158 | D:13     | Killed Josephine
 39571 | D:13     | Noticed Maurice
 39574 | D:13     | Killed Maurice
 39607 | D:13     | Reached skill level 8 in Hexes
 39620 | D:13     | Reached skill level 9 in Spellcasting
 39826 | D:12     | theanonym: ??killdudes[2
 39826 | D:12     | beem: skills[1/1]: Here is how you train skills. First you train the skills that you use to kill dudes. Once you are killing dudes well enough, then you train the skills you use to not die to dudes. If you later run into problems killing dudes, you switch back to killdudes skills.
 40235 | D:13     | theanonym: ??spen[2
 40235 | D:13     | beem: hyperbolic[2/4]: SPELLS: Use Ensorcelled Hibernation when possible. Use Confuse against rC+ monsters or if you want a higher success chance. Other starting spells are decent but unnecessary. Invisibility is the best spell in the game if you find it. Other good spells include Deflect Missiles, Dispel Undead, Apportation, Blink, Passage of Golubria, Controlled Blink.
 40235 | D:13     | theanonym: ??spen[3
 40235 | D:13     | beem: hyperbolic[3/4]: GODS: Ideally you want a god who helps with hard-to-stab monsters. Some good choices: Kiku (pain melee, zombies), Dith (shadow step, shadow form), Jiyva (slimify), Lugonu (corruption, disto melee), Makhleb (greater demons), Ashenzari/Vehumet (conjurations).
 40235 | D:13     | theanonym: ??spen[4
 40235 | D:13     | beem: hyperbolic[4/4]: WEAPONS: Use short blades, stab high-HP monsters with a dagger. For regular melee, early on look for elec, draining, or venom weapons. Later look for a quick blade and/or pain brand a weapon with Kiku. Distortion is nice also. If you can't find a quick blade and want better melee, demon whips are reasonable. Oh, and get a buckler. STATS: Raise Int or Dex.
 40235 | D:13     | theanonym: ??quikblade
 40235 | D:13     | beem: quikblade ~ quickblade ~ quick blade[1/2]: (short blades; +6 acc / 5 dam / 0.7 base delay / 0.3 min delay). Ultra-fast short blade. Doesn't chop hydra heads. 0.2 min delay with haste/finesse. Quick blades cannot have the speed brand.
 40235 | D:13     | theanonym: ??quikblade[2
 40235 | D:13     | beem: quikblade ~ quickblade ~ quick blade[2/2]: Because of insanely fast attack speed, you may add pain and electrocution brands to your wishlist.
 40450 | D:13     | Found a blossoming altar of Fedhas.
 41005 | D:14     | Found a flickering gateway to a bazaar.
 41013 | Bazaar   | Entered a bazaar
 41049 | Bazaar   | Found Qimog's Distillery.
 41079 | Bazaar   | Found Foipy's Food Emporium.
 41153 | Bazaar   | Found Idayghaq's Distillery.
 41182 | Bazaar   | Found Itsidiw's Weapon Emporium.
 41204 | Bazaar   | Found Wiutehae's Jewellery Shoppe.
 41209 | Bazaar   | Bought an uncursed ring of poison resistance for 260 gold pieces
 41219 | Bazaar   | Bought a potion of agility for 52 gold pieces
 41219 | Bazaar   | Bought a potion of cancellation for 104 gold pieces
 41235 | Bazaar   | Bought a potion of invisibility for 104 gold pieces
 41235 | Bazaar   | Bought a potion of mutation for 104 gold pieces
 41353 | D:14     | Found a flagged portal.
 41364 | Bailey   | Entered a bailey
 42080 | D:14     | Found a gate to the Vaults.
 42086 | D:14     | Reached ****** piety under Dithmenos
 42260 | D:13     | theanonym: ??armour
 42260 | D:13     | beem: armour[1/4]: AC reduces incoming damage from most sources by 1d(AC+1)-1. This occurs before resistances. This can reduce it to 0. You might still get poisoned, banished etc. though. Some electric attacks (such as shock, lightning bolt, electric eel blasts) only check half of your AC. Impact damage from poison spells checks ac, the poison damage itself does not.
 42260 | D:13     | theanonym: ??armour[2
 42260 | D:13     | beem: armour[2/4]: Torment, smite, damnation, electrocution, and a handful of other abilities/effects ignore AC. The only player-castable damage spells that ignore AC are freeze, refrigeration, sticky flame, static discharge, pain, vampiric draining, Olgreb's Toxic Radiance, ignite poison, and agony. Note that all of these spells also ignore EV.
 42260 | D:13     | theanonym: ??armour[3
 42260 | D:13     | beem: armour skill[1/2]: Armour skill reduces the penalties associated with heavy armours, and increases the effectiveness of your armour by 1/22nd of its base value per level of skill.
 42260 | D:13     | theanonym: ??armour[4
 42260 | D:13     | beem: armours[1/2]: In order of ER, ascending: {robe}, {leather armour}, {troll leather armour}, {ring mail}, {scale mail}, {chain mail}, {plate armour}, {crystal plate armour}
 42437 | D:14     | Reached skill level 9 in Hexes
 42657 | D:14     | Reached skill level 1 in Armour
 43238 | Orc:1    | Entered Level 1 of the Orcish Mines
 43239 | Orc:1    | Noticed Snorg
 43284 | D:12     | Killed Snorg
 43437 | Orc:1    | Noticed Erica
 43441 | D:12     | Reached skill level 16 in Dodging
 43502 | Orc:1    | Reached skill level 10 in Spellcasting
 43827 | D:12     | Killed Erica
 44187 | Orc:1    | Found Itour Ziucs's Antique Weapon Emporium.
 44305 | Orc:2    | Entered Level 2 of the Orcish Mines
 44358 | Orc:1    | Noticed Urug
 44358 | Orc:1    | Noticed a stone giant
 44682 | Orc:2    | Noticed an orc warlord
 44724 | Orc:1    | Killed an orc warlord
 44724 | Orc:1    | Reached skill level 2 in Armour
 44730 | Orc:2    | Noticed Donald
 44953 | Orc:1    | HP: 4/76 [Donald/demon trident of draining (31)]
 44953 | Orc:1    | Mangled by Donald

Vault maps used:
D:1:      lightli_arrival_maybe_door_vault, minmay_liquid_box,
          hangedman_decor_riveting
D:2:      yredelemnul_forgotten_temple_becter, small_statue_intersection
D:3:      minmay_misc_feat_pillars
D:4:      gammafunk_temple_overflow_forgotten, minmay_temple_entry_purple_smoke,
          uniq_pikel, uniq_edmund
D:5:      lemuel_round_altar, first_bread, serial_bayou, serial_bayou_pond_d,
          serial_bayou_lagoon_a, serial_bayou_shore_b, serial_bayou_lake_a,
          basic_altar
D:6:      nicolae_overflow_hidden_temple, serial_glass, glass_columns_b,
          glass_columns_a, uniq_blork_the_orc
D:7:      minmay_misc_feat_hallway, nemelex_lonely_heart_becter, uniq_menkaure
D:8:      uniq_grum, uniq_psyche
D:9:      grunt_lair_entry_orc_guard_hut, hangedman_ranch
D:10:     serial_shops, shop, basic_altar
D:12:     orc_0_dummy, basic_altar, portal_ice_cave_entry_animals_and_master,
          serial_shops, bzr_entry_gold, kennysheep_generic_room_10
D:13:     fedhas_altar_decomposition, uniq_maurice, uniq_josephine
D:14:     erik_vaults_1, enter_bailey_3, special_room, serial_shops,
          bzr_entry_customers, serial_bayou_pond_d
Temple:   regret_index_temple_sphere_string
Lair:3:   minmay_shoals_entry_hut, lemuel_fruit_fields
Lair:4:   nicolae_spider_entry_tight_spaces, grunt_megastairs_4,
          lemuel_fruit_tree
Lair:5:   nicolae_slime_entry_slimehenge, lab_entry_generic
Lair:6:   minmay_lair_end_enchanted_forest
Orc:1:    serial_shops, shop, uniq_urug, uniq_erica, uniq_snorg
Orc:2:    st_orc_congregation, uniq_donald
Lab:      nicolae_lab_dead_adventurers, lab_statue, nicolae_lab_grate,
          nicolae_lab_starburst, nicolae_lab_do_over, nicolae_lab_grate_2,
          nicolae_lab_arrow, nicolae_lab_dead_end, nicolae_lab_quarters,
          nicolae_lab_lava, nicolae_lab_garden, nicolae_lab_checkerboard,
          nicolae_lab_diamond, lab_fountain, labyrinth_glass_1
Bazaar:   bazaar_minmay_cross, bazaar_jpeg_circle_rare_1
Bailey:   bailey_axe_2, bailey
IceCv:    ice_cave_statue_garden_chambered

Skill      XL: |  1  2  3  4  5  6  7  8  9 10 11 12 13 14 |
---------------+-------------------------------------------+-----
Dodging        | 2 3 4 5 6 8 10 12 13 14 15 16 | 16.0
Stealth        | 6 7 8 9 10 12 13 14 15 | 15.4
Short Blades   | 3 4 5 6 8 9 10 12 14 | 14.0
Fighting       | 2 3 4 6 7 8 9 10 | 10.9
Spellcasting   | 6 7 8 10 | 10.4
Hexes          | 4 5 7 9 |  9.6
Armour         | 2 |  2.2
Throwing       | |  2.0

Action                   |  1- 3 |  4- 6 |  7- 9 | 10-12 | 13-15 || total
-------------------------+-------+-------+-------+-------+-------++-------
Melee: Dagger            |   134 |   361 |   695 |  1926 |  1410 ||  4526
       Short sword       |       |       |    12 |       |       ||    12
       Rapier            |       |       |       |   401 |   901 ||  1302
 Fire: Blowgun           |     6 |    30 |    72 |   252 |     8 ||   368
       Shortbow          |       |       |    23 |    32 |       ||    55
 Cast: Corona            |       |       |       |    92 |    76 ||   168
       Slow              |       |       |       |    43 |    14 ||    57
       Confuse           |       |       |       |     7 |   211 ||   218
       Cause Fear        |       |       |       |     3 |     2 ||     5
       Passwall          |       |       |       |       |     3 ||     3
Invok: Shadow Step       |       |       |       |     2 |     6 ||     8
Evoke: Wand              |       |     1 |       |       |       ||     1
  Use: Scroll            |     2 |     2 |     7 |     9 |    20 ||    40
       Potion            |       |       |       |     4 |     3 ||     7
 Stab: Sleeping          |    16 |     6 |    16 |    34 |    63 ||   135
       Distracted        |       |       |     7 |     8 |    16 ||    31
       Confused          |       |       |       |     2 |   114 ||   116
       Fleeing           |       |       |       |     2 |       ||     2
  Eat: Bread ration      |       |     1 |     1 |     4 |     4 ||    10
Armor: Robe              |    14 |    16 |    22 |    84 |    27 ||   163
       Troll leather arm |       |       |       |       |    25 ||    25
Dodge: Dodged            |    87 |   255 |   555 |  2190 |  1712 ||  4799

Table legend:
 A = Spawn XP
 B = Non-spawn XP
 C = Spawn XP percentage of total XP
 D = Spawn monster count
 E = Non-spawn monster count
 F = Spawn count percentage of total count
 G = Total turns spent on level
                    A         B        C        D         E        F      G
               +---------+---------+-------+---------+---------+-------+---------
         Total |       0 |   96161 |   0.0 |       0 |     641 |   0.0 | 44953
               +---------+---------+-------+---------+---------+-------+---------
           D:1 |       0 |      47 |   0.0 |       0 |      21 |   0.0 |   933
           D:2 |       0 |     162 |   0.0 |       0 |      29 |   0.0 |  2033
           D:3 |       0 |     297 |   0.0 |       0 |      16 |   0.0 |  1652
           D:4 |       0 |     819 |   0.0 |       0 |      16 |   0.0 |  1208
           D:5 |       0 |     603 |   0.0 |       0 |      20 |   0.0 |  2073
           D:6 |       0 |     824 |   0.0 |       0 |      24 |   0.0 |  2137
           D:7 |       0 |    2235 |   0.0 |       0 |      30 |   0.0 |  3392
           D:8 |       0 |    2841 |   0.0 |       0 |      18 |   0.0 |  1650
           D:9 |       0 |    5441 |   0.0 |       0 |      42 |   0.0 |  2045
          D:10 |       0 |    2772 |   0.0 |       0 |      20 |   0.0 |  1052
          D:11 |       0 |    5350 |   0.0 |       0 |      37 |   0.0 |   946
          D:12 |       0 |   12168 |   0.0 |       0 |      60 |   0.0 |  3191
          D:13 |       0 |   10594 |   0.0 |       0 |      38 |   0.0 |  1534
          D:14 |       0 |    9497 |   0.0 |       0 |      43 |   0.0 |  1288
        Lair:1 |       0 |    3386 |   0.0 |       0 |      18 |   0.0 |  2463
        Lair:2 |       0 |    7047 |   0.0 |       0 |      29 |   0.0 |  4016
        Lair:3 |       0 |    4642 |   0.0 |       0 |      20 |   0.0 |  3666
        Lair:4 |       0 |    6070 |   0.0 |       0 |      24 |   0.0 |  3571
        Lair:5 |       0 |    5067 |   0.0 |       0 |      25 |   0.0 |  2333
        Lair:6 |       0 |    5306 |   0.0 |       0 |      22 |   0.0 |   717
         Orc:1 |       0 |    5727 |   0.0 |       0 |      29 |   0.0 |  1009
         Orc:2 |       0 |     699 |   0.0 |       0 |      11 |   0.0 |   252
           Lab |       0 |    1969 |   0.0 |       0 |       6 |   0.0 |   581
        Bailey |       0 |     347 |   0.0 |       0 |      34 |   0.0 |   520
         IceCv |       0 |    2251 |   0.0 |       0 |       9 |   0.0 |   138
               +---------+---------+-------+---------+---------+-------+---------
